PBL
HAMILTON CARDINALS @ TROIS-RIVERES AIGLES
08/17/2046
 
TOP OF THE 1ST
Hamilton Cardinals batting - Pitching for Trois-Riveres Aigles : RHP Angelo Mora
Pitching: RHP Angelo Mora
Batting: RHB Chris Rouleau 0-0: Swinging Strike
0-1: Foul Ball, location: 2F
0-2: Strikes out swinging
Batting: LHB Ken Morehead 0-0: Called Strike
0-1: Ball
1-1: Foul Ball, location: 2F
1-2: Foul Ball, location: 2F
1-2: Ball
2-2: Strikes out swinging, 2-3 out at first.
Batting: SHB Justin Houser 0-0: Ball
1-0: Ball
2-0: Ball
3-0: Foul Ball, location: 2F
3-1: Base on Balls
Batting: RHB Joey Black 0-0: Called Strike
0-1: Ball
1-1: Ball
2-1: Ball
3-1: SINGLE (Groundball, 6MD, EV 102.5 MPH)
Justin Houser to second
Runner from 2nd tries for 3rd, OUT! 8-5
Top of the 1st over - 0 runs, 1 hit, 0 errors, 1 left on base; Hamilton 0 - Trois-Riveres 0
BOTTOM OF THE 1ST
Trois-Riveres Aigles batting - Pitching for Hamilton Cardinals : RHP Steve Holmes
Pitching: RHP Steve Holmes
Batting: RHB Wan-ling Zhu 0-0: Ball
1-0: Ball
2-0: Called Strike
2-1: Foul Ball, location: 2F
2-2: Ball
3-2: Strikes out swinging
Batting: SHB Luis Verduzco 0-0: Ground out 4-3 (Groundball, 4, EV 83.8 MPH)
Batting: RHB Dave Galloway 0-0: Called Strike
0-1: Fly out, F3 (Popup, 3F, EV 65.0 MPH)
Bottom of the 1st over - 0 runs, 0 hits, 0 errors, 0 left on base; Hamilton 0 - Trois-Riveres 0
TOP OF THE 2ND
Hamilton Cardinals batting - Pitching for Trois-Riveres Aigles : RHP Angelo Mora
Batting: RHB Johnny Lowe 0-0: Called Strike
0-1: Ball
1-1: Foul Ball, location: 2F
1-2: Ball
2-2: Ground out 4-3 (Groundball, 34, EV 104.4 MPH)
Batting: RHB McGwire Jones 0-0: Ball
1-0: Ball
2-0: Ball
3-0: Base on Balls
Batting: RHB Sal Guzman 0-0: Swinging Strike
0-1: Ball
1-1: Swinging Strike
1-2: Strikes out swinging
Batting: SHB J.T. Ready 0-0: Called Strike
0-1: Swinging Strike
0-2: Foul Ball, location: 2F
0-2: Foul Ball, location: 2F
0-2: Foul Ball, location: 2F
0-2: Ball
1-2: Strikes out swinging
Top of the 2nd over - 0 runs, 0 hits, 0 errors, 1 left on base; Hamilton 0 - Trois-Riveres 0
BOTTOM OF THE 2ND
Trois-Riveres Aigles batting - Pitching for Hamilton Cardinals : RHP Steve Holmes
Batting: RHB Alex Koral 0-0: Ball
1-0: Called Strike
1-1: Swinging Strike
1-2: Strikes out swinging
Batting: SHB Omar Cervantes 0-0: Ball
1-0: Ball
2-0: Ball
3-0: Called Strike
3-1: Base on Balls
Batting: RHB Kyler Seitz 0-0: Ball
1-0: Ball
2-0: Ball
3-0: Base on Balls
Omar Cervantes to second
Batting: RHB Tim Dower 0-0: SINGLE (Groundball, 6MD, EV 96.2 MPH)
Omar Cervantes to third
Kyler Seitz to second
Runner from 3rd tries for Home, SAFE, throw by CF to home
Batting: RHB Bogumil Filipowski 0-0: SINGLE (Flyball, 3D, EV 92.5 MPH)
Kyler Seitz to third
Tim Dower to second
Batting: RHB Sandoval Serzedelo 0-0: Ball
1-0: Foul Ball, location: 2F
1-1: Swinging Strike
1-2: Foul Ball, location: 2F
1-2: Ball
2-2: Fly out, F9 (Flyball, 9, EV 93.8 MPH)
Batting: RHB Wan-ling Zhu 0-0: Ball
1-0: Fly out, F9 (Flyball, 89S, EV 88.1 MPH)
Bottom of the 2nd over - 1 run, 2 hits, 0 errors, 3 left on base; Hamilton 0 - Trois-Riveres 1
TOP OF THE 3RD
Hamilton Cardinals batting - Pitching for Trois-Riveres Aigles : RHP Angelo Mora
Batting: RHB Pablo Nunez 0-0: Swinging Strike
0-1: Ball
1-1: Foul Ball, location: 2F
1-2: Foul Ball, location: 2F
1-2: Foul Ball, location: 2F
1-2: Ball
2-2: Ball
3-2: Foul Ball, location: 2F
3-2: Base on Balls
Batting: RHB Chris Rouleau 0-0: Ball
1-0: Fly out, F7 (Flyball, 78S, EV 81.2 MPH)
Batting: LHB Ken Morehead 0-0: Ball
1-0: Ball
2-0: Called Strike
2-1: Foul Ball, location: 2F
2-2: Foul Ball, location: 2F
2-2: Ball
3-2: Reached on error, E5 (Groundball, 6, EV 87.5 MPH)
Pablo Nunez to second
Batting: SHB Justin Houser 0-0: Swinging Strike
0-1: Swinging Strike
0-2: Foul Ball, location: 2F
0-2: Foul Ball, location: 2F
0-2: Strikes out swinging
Batting: RHB Joey Black 0-0: Called Strike
0-1: Ball
1-1: Ball
2-1: Swinging Strike
2-2: Foul Ball, location: 2F
2-2: Hit by Pitch
Pablo Nunez to third
Ken Morehead to second
Batting: RHB Johnny Lowe 0-0: Called Strike
0-1: Ball
1-1: Ball
2-1: Called Strike
2-2: Ground out 5-3 (Groundball, 56S, EV 66.2 MPH)
Top of the 3rd over - 0 runs, 0 hits, 1 error, 3 left on base; Hamilton 0 - Trois-Riveres 1
BOTTOM OF THE 3RD
Trois-Riveres Aigles batting - Pitching for Hamilton Cardinals : RHP Steve Holmes
Batting: SHB Luis Verduzco 0-0: Ball
1-0: Ball
2-0: Ball
3-0: Base on Balls
Batting: RHB Dave Galloway 0-0: Ball
1-0: Called Strike
1-1: Ball
Luis Verduzco is caught stealing 2nd base 2-4
2-1: Ground out 5-3 (Groundball, 56S, EV 70.6 MPH)
Batting: RHB Alex Koral 0-0: Ball
1-0: Ball
2-0: Foul Ball, location: 2F
2-1: Foul Ball, location: 2F
2-2: Ball
3-2: SINGLE (Groundball, 34S, EV 62.5 MPH) (infield hit)
Batting: SHB Omar Cervantes 0-0: Swinging Strike
0-1: Foul Ball, location: 2F
0-2: Strikes out swinging
Bottom of the 3rd over - 0 runs, 1 hit, 0 errors, 1 left on base; Hamilton 0 - Trois-Riveres 1
TOP OF THE 4TH
Hamilton Cardinals batting - Pitching for Trois-Riveres Aigles : RHP Angelo Mora
Batting: RHB McGwire Jones 0-0: Swinging Strike
0-1: Swinging Strike
0-2: Ball
1-2: Ball
2-2: Foul Ball, location: 2F
2-2: Strikes out looking
Batting: RHB Sal Guzman 0-0: Called Strike
0-1: Ball
1-1: Foul Ball, location: 2F
1-2: Strikes out swinging
Batting: SHB J.T. Ready 0-0: Swinging Strike
0-1: Ball
1-1: Ball
2-1: Called Strike
2-2: Foul Ball, location: 2F
2-2: Ball
3-2: Strikes out swinging
Top of the 4th over - 0 runs, 0 hits, 0 errors, 0 left on base; Hamilton 0 - Trois-Riveres 1
BOTTOM OF THE 4TH
Trois-Riveres Aigles batting - Pitching for Hamilton Cardinals : RHP Steve Holmes
Batting: RHB Kyler Seitz 0-0: Called Strike
0-1: Foul Ball, location: 2F
0-2: Strikes out looking
Batting: RHB Tim Dower 0-0: Ball
1-0: Ball
2-0: Ball
3-0: Base on Balls
Batting: RHB Bogumil Filipowski 0-0: Ball
1-0: Fly out, F9 (Flyball, 9S, EV 91.2 MPH)
Batting: RHB Sandoval Serzedelo 0-0: Ball
1-0: Ball
2-0: Called Strike
2-1: Foul Ball, location: 2F
2-2: Ball
3-2: Foul Ball, location: 2F
3-2: Ground out 5-3 (Groundball, 56, EV 81.2 MPH)
Bottom of the 4th over - 0 runs, 0 hits, 0 errors, 1 left on base; Hamilton 0 - Trois-Riveres 1
TOP OF THE 5TH
Hamilton Cardinals batting - Pitching for Trois-Riveres Aigles : RHP Angelo Mora
Batting: RHB Pablo Nunez 0-0: Ground out 6-3 (Groundball, 6, EV 90.0 MPH)
Batting: RHB Chris Rouleau 0-0: Foul Ball, location: 2F
0-1: Swinging Strike
0-2: Ball
1-2: Ball
2-2: Ground out 2-3 (Groundball, 2R, EV 68.8 MPH)
Batting: LHB Ken Morehead 0-0: Called Strike
0-1: Swinging Strike
0-2: Strikes out looking
Top of the 5th over - 0 runs, 0 hits, 0 errors, 0 left on base; Hamilton 0 - Trois-Riveres 1
BOTTOM OF THE 5TH
Trois-Riveres Aigles batting - Pitching for Hamilton Cardinals : RHP Steve Holmes
Batting: RHB Wan-ling Zhu 0-0: Called Strike
0-1: Ball
1-1: Ball
2-1: Ball
3-1: Called Strike
3-2: Ground out 4-3 (Groundball, 4, EV 106.9 MPH)
Batting: SHB Luis Verduzco 0-0: Called Strike
0-1: Fly out, F7 (Flyball, 7, EV 76.9 MPH)
Batting: RHB Dave Galloway 0-0: Ball
1-0: Swinging Strike
1-1: Ball
2-1: Foul Ball, location: 2F
2-2: Foul Ball, location: 2F
2-2: Ball
3-2: Base on Balls
Batting: RHB Alex Koral 0-0: Ball
1-0: Swinging Strike
1-1: Ball
2-1: Ball
3-1: Base on Balls
Dave Galloway to second
Batting: SHB Omar Cervantes 0-0: Foul Ball, location: 2F
0-1: Foul Ball, location: 2F
0-2: Ball
1-2: Reached on error, E4 (Groundball, 4M, EV 89.4 MPH)
Dave Galloway to third
Alex Koral to second
Batting: RHB Kyler Seitz 0-0: Ball
1-0: Ball
2-0: Ground out 6-3 (Groundball, 6S, EV 81.2 MPH)
Bottom of the 5th over - 0 runs, 0 hits, 1 error, 3 left on base; Hamilton 0 - Trois-Riveres 1
TOP OF THE 6TH
Hamilton Cardinals batting - Pitching for Trois-Riveres Aigles : RHP Angelo Mora
Batting: SHB Justin Houser 0-0: Foul Ball, location: 2F
0-1: Foul Ball, location: 2F
0-2: Ground out 4-3 (Groundball, 4, EV 86.2 MPH)
Batting: RHB Joey Black 0-0: Ball
1-0: Ball
2-0: Ball
3-0: Base on Balls
Batting: RHB Johnny Lowe 0-0: Ball
1-0: Ball
2-0: Ball
3-0: Foul Ball, location: 2F
3-1: DOUBLE (Line Drive, 9LS, EV 93.8 MPH)
Joey Black to third
Batting: RHB McGwire Jones 0-0: Ball
1-0: Called Strike
1-1: Foul Ball, location: 2F
1-2: Ball
2-2: Foul Ball, location: 2F
2-2: Ground out 6-3 (Groundball, 6, EV 85.6 MPH)
Joey Black scores
Pitching: RHP J.P. Tesauro
Batting: RHB Sal Guzman 0-0: Called Strike
0-1: Swinging Strike
0-2: Ball
1-2: Foul Ball, location: 2F
1-2: Strikes out swinging
Top of the 6th over - 1 run, 1 hit, 0 errors, 1 left on base; Hamilton 1 - Trois-Riveres 1
BOTTOM OF THE 6TH
Trois-Riveres Aigles batting - Pitching for Hamilton Cardinals : RHP Steve Holmes
Batting: RHB Tim Dower 0-0: Fly out, F9 (Flyball, 9LSF, EV 93.8 MPH)
Batting: RHB Bogumil Filipowski 0-0: Ball
1-0: Called Strike
1-1: Fly out, F8 (Flyball, 78D, EV 98.1 MPH)
Batting: RHB Sandoval Serzedelo 0-0: Called Strike
0-1: Swinging Strike
0-2: Ball
1-2: Ball
2-2: Strikes out swinging
Bottom of the 6th over - 0 runs, 0 hits, 0 errors, 0 left on base; Hamilton 1 - Trois-Riveres 1
TOP OF THE 7TH
Hamilton Cardinals batting - Pitching for Trois-Riveres Aigles : RHP J.P. Tesauro
Batting: SHB J.T. Ready 0-0: Ball
1-0: Called Strike
1-1: Foul Ball, location: 2F
1-2: Strikes out looking
Batting: RHB Pablo Nunez 0-0: Called Strike
0-1: Ball
1-1: Swinging Strike
1-2: Strikes out swinging
Batting: RHB Chris Rouleau 0-0: Fly out, F2 (Popup, 23F, EV 86.9 MPH)
Top of the 7th over - 0 runs, 0 hits, 0 errors, 0 left on base; Hamilton 1 - Trois-Riveres 1
BOTTOM OF THE 7TH
Trois-Riveres Aigles batting - Pitching for Hamilton Cardinals : RHP Steve Holmes
Batting: RHB Wan-ling Zhu 0-0: Ball
1-0: Swinging Strike
1-1: Called Strike
1-2: Ball
2-2: Foul Ball, location: 2F
2-2: Foul Ball, location: 2F
2-2: Ball
3-2: Hit by Pitch
Pitching: RHP Joe Cornell
Batting: SHB Luis Verduzco 0-0: Sac Bunt to 2R - play at first, batter OUT! 2-3
Wan-ling Zhu to second
Batting: RHB Dave Galloway 0-0: Called Strike
0-1: Ground out 6-3 (Groundball, 6, EV 84.4 MPH)
Wan-ling Zhu to third
Batting: RHB Alex Koral 0-0: Fly out, F8 (Line Drive, 8LM, EV 105.0 MPH)
Bottom of the 7th over - 0 runs, 0 hits, 0 errors, 1 left on base; Hamilton 1 - Trois-Riveres 1
TOP OF THE 8TH
Hamilton Cardinals batting - Pitching for Trois-Riveres Aigles : RHP J.P. Tesauro
Batting: LHB Ken Morehead 0-0: Foul Ball, location: 2F
0-1: Swinging Strike
0-2: Strikes out swinging
Batting: SHB Justin Houser 0-0: Foul Ball, location: 2F
0-1: Ball
1-1: Foul Ball, location: 2F
1-2: Ball
2-2: Ball
3-2: Base on Balls
Batting: RHB Joey Black 0-0: Called Strike
0-1: Ball
1-1: Called Strike
1-2: Strikes out swinging
Batting: RHB Johnny Lowe 0-0: Ball
1-0: Foul Ball, location: 2F
1-1: Swinging Strike
1-2: Foul Ball, location: 2F
1-2: Foul Ball, location: 2F
1-2: Strikes out swinging
Top of the 8th over - 0 runs, 0 hits, 0 errors, 1 left on base; Hamilton 1 - Trois-Riveres 1
BOTTOM OF THE 8TH
Trois-Riveres Aigles batting - Pitching for Hamilton Cardinals : RHP Joe Cornell
Batting: SHB Omar Cervantes 0-0: Ball
1-0: Ball
2-0: Ball
3-0: Called Strike
3-1: Base on Balls
Batting: RHB Kyler Seitz 0-0: Called Strike
0-1: Called Strike
0-2: Strikes out swinging
Pinch Hitting: LHB Ian Cranton 0-0: Ball
1-0: Ball
2-0: Ball
3-0: Base on Balls
Omar Cervantes to second
Pinch Hitting: RHB Joe Hartigan 0-0: Ball
1-0: Called Strike
1-1: Swinging Strike
1-2: Ball
2-2: Foul Ball, location: 2F
2-2: Strikes out swinging
Pinch Hitting: RHB Gabe Wilcoxon 0-0: Ball
1-0: Called Strike
1-1: Swinging Strike
1-2: Foul Ball, location: 2F
1-2: Ball
2-2: Strikes out swinging
Bottom of the 8th over - 0 runs, 0 hits, 0 errors, 2 left on base; Hamilton 1 - Trois-Riveres 1
TOP OF THE 9TH
Hamilton Cardinals batting - Pitching for Trois-Riveres Aigles : RHP J.P. Tesauro
Now at 3B: Willie Acevedo
Now in LF: Joe Hartigan
Now in CF: Gilbert Hoareau
Now in RF: Luis Verduzco
Pinch Hitting: RHB Steve Hansen 0-0: Ball
1-0: Ground out 6-3 (Groundball, 6, EV 86.2 MPH)
Pinch Hitting: SHB Gonnohyoe Hata 0-0: Called Strike
0-1: Foul Ball, location: 2F
0-2: Foul Ball, location: 2F
0-2: Ball
1-2: Foul Ball, location: 2F
1-2: Fly out, F6 (Line Drive, 6M, EV 76.2 MPH)
Batting: SHB J.T. Ready 0-0: SOLO HOME RUN (Flyball, 9LD, EV 90.0 MPH), Distance : 337 ft
Batting: RHB Pablo Nunez 0-0: Fly out, F7 (Flyball, 7LM, EV 93.1 MPH)
Top of the 9th over - 1 run, 1 hit, 0 errors, 0 left on base; Hamilton 2 - Trois-Riveres 1
BOTTOM OF THE 9TH
Trois-Riveres Aigles batting - Pitching for Hamilton Cardinals : RHP Joe Cornell
Pitching: RHP Jason Meade
Now at C: Julio Sandoval
Now in RF: Tim Williams
Pinch Hitting: RHB Matt Fritz 0-0: Called Strike
0-1: Ball
1-1: Swinging Strike
1-2: Ball
2-2: Strikes out swinging
Pinch Hitting: RHB Toshikatsu Omori 0-0: Foul Ball, location: 2F
0-1: Ball
1-1: Fly out, F5 (Line Drive, 56, EV 75.0 MPH)
Batting: RHB Dave Galloway 0-0: Ground out 1-3 (Groundball, 15S, EV 76.2 MPH)
Bottom of the 9th over - 0 runs, 0 hits, 0 errors, 0 left on base; Hamilton 2 - Trois-Riveres 1
Tuesday, September 13th , 2022 - OOTP Baseball 23.7 Build 88